 Dungeon Crawl Stone Soup version 0.24-a0-498-ge00f04a389 (webtiles) character file.

Game seed: 12154802189060051863

735 Peloso the Slasher (level 7, -1/61 HPs)
             Began as a Minotaur Fighter on July 14, 2019.
             Slain by a hornet zombie (2 damage)
             ... on level 5 of the Dungeon.
             The game lasted 00:09:33 (3653 turns).

Peloso the Slasher (Minotaur Fighter)               Turns: 3653, Time: 00:09:33

Health: -1/61      AC:  9    Str: 21    XL:     7   Next: 45%
Magic:  6/6        EV:  7    Int:  5    God:
Gold:   196        SH: 10    Dex: 11    Spells: 6/6 levels left

rFire    . . .     SeeInvis .   a - +1 long sword
rCold    . . .     Gourm    .   c - +0 shield
rNeg     . . .     Faith    .   x - +0 chain mail
rPois    +         Spirit   .   (helmet restricted)
rElec    .         Reflect  .   m - scarf {repulsion}
rCorr    .         Harm     .   (no gloves)
MR       +....                  (no boots)
Stlth    ..........             (no amulet)
HPRegen  0.20/turn              v - ring of protection from magic
MPRegen  0.10/turn              i - ring of poison resistance

@: hasted, repel missiles, very quick
A: retaliatory headbutt, horns 2, MP-powered wands
a: no special abilities


You were on level 5 of the Dungeon.
You were very hungry.

You visited 2 branches of the dungeon, and saw 6 of its levels.

You collected 196 gold pieces.

Inventory:

Hand Weapons
 a - a +1 long sword (weapon)
Missiles
 g - 73 bolts
Armour
 b - a +0 scale mail
 c - a +0 shield (worn)
 m - a scarf of repulsion (worn)
 x - a +0 chain mail (worn)
Jewellery
 i - a ring of poison resistance (right hand)
 v - a ring of protection from magic (left hand)
Wands
 r - a wand of acid (10)
 u - a wand of digging (4)
 A - a wand of flame (20)
Scrolls
 d - 2 scrolls of fear {unknown}
 e - a scroll of teleportation
 k - 2 scrolls of remove curse
 l - a scroll of fog
 n - 2 scrolls of enchant weapon
 o - a scroll of enchant armour {unknown}
 p - a scroll of identify {unknown}
 s - 2 scrolls of amnesia {unknown}
 t - a scroll of random uselessness {unknown}
 y - a scroll of immolation {unknown}
Potions
 h - a potion of heal wounds {unknown}
 j - a potion of flight {unknown}
 q - a potion of mutation
 w - a potion of haste
 z - a potion of invisibility {unknown}
Comestibles
 f - 7 rations


   Skills:
 + Level 5.3 Fighting
 + Level 6.4 Long Blades
 + Level 5.4 Armour
 + Level 2.4 Dodging
 + Level 0.4 Stealth
 + Level 5.7 Shields


You had 6 spell levels left.
You didn't know any spells.
Your spell library was empty.

Dungeon Overview and Level Annotations

Branches:
Dungeon (5/15)             Temple (1/1) D:4

Altars:
Ashenzari
Cheibriados
Fedhas
Gozag
Hepliaklqana
Kikubaaqudgha
Makhleb
Qazlal
Ru
Sif Muna
Uskayaw
Vehumet
Wu Jian
Xom
Yredelemnul
Zin
The Shining One
Jiyva


Innate Abilities, Weirdness & Mutations

You reflexively headbutt those who attack you in melee.
You have a pair of horns on your head.
You expend magic power (3 MP) to strengthen your wands.


Message History

Unknown command.
You slash the gnoll!
You kill the gnoll!
The hornet zombie hits you but does no damage.
Unknown command.
The hornet zombie hits you!
* * * LOW HITPOINT WARNING * * *
Things that are here:
a +0 spear; a gnoll corpse You closely miss the hornet zombie.
You headbutt the hornet zombie!
The hornet zombie is moderately damaged.
You block the hornet zombie's attack.
The hornet zombie hits you but does no damage.
You hit the hornet zombie. You headbutt the hornet zombie.
The hornet zombie is heavily damaged.
The hornet zombie hits you.
* * * LOW HITPOINT WARNING * * *
It was a potion of haste.
You feel yourself speed up. The hornet zombie hits you.
You die...

..#.. .... ...# .... ...#
.... ##... ..... ##..#
..... ##..# ...... #.Z<#
#### .c....# ##@.##
##..### .......##((##
##.....#
....g..(....####......##
.......####.[.#........##
....... ##............#
#...... ##...........#
####### ##..........#
###.......## ###.....#


You could see a hornet zombie.

Vanquished Creatures
  Sigmund (D:3)
  An ogre (D:4)
  A centaur (D:4)
  A scorpion (D:4)
  A hound (D:4)
  An orc wizard (D:4)
  An iguana (D:4)
  2 worker ants (D:4)
  Robin (D:4)
  7 adders
  7 gnolls
  An ooze (D:2)
  A dart slug (D:2)
  2 leopard geckos
  7 orcs (D:4)
  3 ball pythons (D:2)
  4 giant cockroaches
  13 goblins
  7 hobgoblins
  8 jackals
  10 kobolds
  A quokka (D:2)
  6 bats
  5 frilled lizards
  A leopard gecko skeleton (D:4)
  5 rats
98 creatures vanquished.

Notes
Turn   | Place    | Note
-------+----------+-------------------------------------------
     0 | D:1      | Peloso the Minotaur Fighter began the quest for the Orb.
     0 | D:1      | Reached XP level 1. HP: 19/19 MP: 0/0
   205 | D:1      | Reached XP level 2. HP: 25/27 MP: 1/1
   535 | D:2      | Reached skill level 3 in Long Blades
   570 | D:2      | Reached XP level 3. HP: 30/33 MP: 2/2
   823 | D:2      | Reached XP level 4. HP: 32/40 MP: 3/3
   827 | D:2      | Reached skill level 4 in Long Blades
  1150 | D:2      | Found an ornate altar of the Wu Jian Council.
  1575 | D:3      | Reached skill level 1 in Dodging
  1575 | D:3      | Reached XP level 5. HP: 43/47 MP: 4/4
  1825 | D:3      | Noticed Sigmund
  1975 | D:3      | Gained mutation: Scrolls take you a little longer to read.
                  | [potion of mutation]
  1975 | D:3      | Gained mutation: Your body sometimes deteriorates upon
                  | taking damage. [potion of mutation]
  1975 | D:3      | Gained mutation: Your mind is acute. (Int +2) [potion of
                  | mutation]
  1975 | D:3      | Gained mutation: Your flesh is heat resistant. (rF+)
                  | [potion of mutation]
  1983 | D:3      | Killed Sigmund
  1983 | D:3      | Reached skill level 5 in Long Blades
  1983 | D:3      | Reached XP level 6. HP: 11/53 MP: 5/5
  1984 | D:3      | Lost mutation: Scrolls take you a little longer to read.
                  | [potion of mutation]
  1984 | D:3      | Lost mutation: Your mind is acute. (Int +2) [potion of
                  | mutation]
  1984 | D:3      | Lost mutation: Your body sometimes deteriorates upon taking
                  | damage. [potion of mutation]
  1984 | D:3      | Lost mutation: Your flesh is heat resistant. (rF+) [potion
                  | of mutation]
  1984 | D:3      | Gained mutation: You are partially covered in large bone
                  | plates. (SH +4) [potion of mutation]
  1984 | D:3      | Lost mutation: You are partially covered in large bone
                  | plates. (SH +4) [potion of mutation]
  1984 | D:3      | Gained mutation: You expend magic power (3 MP) to
                  | strengthen your wands. [potion of mutation]
  2057 | D:3      | Found a glowing golden altar of the Shining One.
  2273 | D:3      | Found a hazy altar of Hepliaklqana.
  2413 | D:4      | Reached skill level 5 in Shields
  2451 | D:4      | Noticed Robin
  2467 | D:4      | Reached skill level 5 in Fighting
  2475 | D:4      | Killed Robin
  2518 | D:4      | Found a hide-covered altar of Uskayaw.
  2595 | D:4      | Found a staircase to the Ecumenical Temple.
  2604 | Temple   | Entered the Ecumenical Temple
  2889 | D:4      | Reached skill level 5 in Armour
  2889 | D:4      | Reached XP level 7. HP: 13/61 MP: 6/6
  3133 | D:4      | Found a burning altar of Makhleb.
  3205 | D:4      | Reached skill level 6 in Long Blades
  3229 | D:4      | Found a radiant altar of Vehumet.
  3437 | D:5      | Entered Level 5 of the Dungeon
  3652 | D:5      | HP: 1/61 [hornet zombie (3)]
  3653 | D:5      | Slain by a hornet zombie

Levels and vault maps discovered:
D:1:      wander_arrival_chamber, layout_basic, minmay_fountain_box
D:2:      minmay_evil_eye, layout_basic, nicolae_overflow_crystal_walls,
          first_ration
D:3:      layout_basic, nicolae_tso_swordbearing_angel,
          lemuel_coloured_pillars_altar, uniq_sigmund
D:4:      layout_loops_cross, overflow_temple_1_default, lemuel_round_altar,
          vehumet_altar_wand_db, minmay_temple_entry_mini_moons, uniq_robin
D:5:      layout_cave_pods, okawaru_metal_pillars_3, serial_shops,
          nicolae_shop_behind_doors
Temple:   pf_slimified_temple

Skill      XL: |  1  2  3  4  5  6  7 |
---------------+----------------------+-----
Fighting       | 4 5 |  5.3
Long Blades    | 3 4 5 6 |  6.4
Shields        | 4 5 |  5.7
Armour         | 4 5 |  5.4
Dodging        | 1 2 |  2.4
Stealth        | |  0.4

Action                   |  1- 3 |  4- 6 |  7- 9 || total
-------------------------+-------+-------+-------++-------
Melee: Long sword        |    67 |   160 |    34 ||   261
       Headbutt          |     7 |    26 |     7 ||    40
  Use: Scroll            |       |     5 |       ||     5
       Potion            |       |     3 |     1 ||     4
  Eat: Chunk             |       |     6 |     2 ||     8
Armor: Scale mail        |    46 |    70 |       ||   116
       Chain mail        |       |     5 |    17 ||    22
Dodge: Dodged            |    33 |    61 |    13 ||   107
       Deflected         |     2 |     4 |     1 ||     7
Block: Shield            |    67 |    88 |    24 ||   179
       Rpst.: Long sword |    10 |    14 |     1 ||    25

Table legend:
 A = Non-vault XP
 B = Vault XP
 C = Vault XP percentage of total XP
 D = Non-vault monster count
 E = Vault monster count
 F = Vault count percentage of total count
                 A         B        C        D         E       F
            +---------+---------+-------+---------+---------+-------
      Total |     789 |     261 |  24.9 |      81 |      17 |  17.3
            +---------+---------+-------+---------+---------+-------
        D:1 |      20 |       0 |   0.0 |      13 |       0 |   0.0
        D:2 |     108 |      13 |  10.7 |      27 |       4 |  12.9
        D:3 |     108 |     212 |  66.2 |      22 |       1 |   4.3
        D:4 |     524 |      36 |   6.4 |      17 |      12 |  41.4
        D:5 |      29 |       0 |   0.0 |       2 |       0 |   0.0
            +---------+---------+-------+---------+---------+-------
